 Dungeon Crawl Stone Soup version 0.21.0 (webtiles) character file.

81 tidbits the Sneak (level 4, 0/27 HPs)
             Began as a Felid Air Elementalist on Jan 7, 2018.
             Slain by a bullfrog (2 damage)
             ... on level 6 of the Dungeon.
             The game lasted 00:07:57 (987 turns).

tidbits the Sneak (Felid Air Elementalist)           Turns: 987, Time: 00:07:57

Health: 0/27       AC: 22    Str:  5    XL:     4   Next: 20%
Magic:  8/8        EV:  4    Int: 17    God:
Gold:   61         SH:  0    Dex: 16    Spells: 1/7 levels left
                                        Lives:  0   Deaths: 1

rFire    . . .     SeeInvis +     - Unarmed
rCold    . . .     Gourm    .   (shield unavailable)
rNeg     + + +     Faith    +   (armour unavailable)
rPois    +         Spirit   .   (helmet unavailable)
rElec    .         Reflect  .   (cloak unavailable)
rCorr    .         Harm     .   (gloves unavailable)
MR       .....     NoTele   +   (boots unavailable)
Stlth    +++.......             b - amulet of faith
HPRegen  0.09/turn              h - ring of poison resistance
MPRegen  0.11/turn              (no ring)

@: tree-form
A: very small, no armour, no weapons or thrown items, stealth, see invisible,
carnivore, slow metabolism 1
a: no special abilities


You were on level 6 of the Dungeon.
You were not hungry.
You were a tree.
You visited 1 branch of the dungeon, and saw 6 of its levels.

You collected 61 gold pieces.

Inventory:

Jewellery
 b - an amulet of faith (around neck)
   (You found it on level 3 of the Dungeon)
 h - a ring of poison resistance (left branch)
   (You found it on level 3 of the Dungeon)
Scrolls
 d - a scroll of remove curse {unknown}
 i - a scroll of teleportation {unknown}
 j - a scroll of blinking {unknown}
Books
 a - a book of Air

   Spells                             Type                      Level
   a - Shock                          Conjuration/Air              1
   b - Swiftness                      Charms/Air                   2
   c - Static Discharge               Conjuration/Air              3
   d - Airstrike                      Air                          4
   e - Lightning Bolt                 Conjuration/Air              5
 f - a book of Maledictions
   (You found it on level 4 of the Dungeon)

   Spells                             Type                      Level
   a - Corona                         Hexes                        1
   b - Ensorcelled Hibernation        Hexes/Ice                    2
   c - Confuse                        Hexes                        3
   d - Tukima's Dance                 Hexes                        3
   e - Dazzling Spray                 Conjuration/Hexes            3
Comestibles
 c - 4 rations


   Skills:
 - Level 2.6 Dodging
 - Level 5.1 Stealth
 - Level 2.7 Unarmed Combat
 - Level 2.0 Spellcasting
 - Level 0.8 Conjurations
 + Level 3.7 Hexes
 - Level 2.6 Air Magic


You had one spell level left.
You knew the following spells:

 Your Spells              Type           Power        Failure   Level  Hunger
a - Shock                 Conj/Air       #...         10%         1    #......
c - Confuse               Hex            ##......     13%         3    ###....
h - Ensorcelled Hibernat  Hex/Ice        #.....       14%         2    ###....


Dungeon Overview and Level Annotations

Branches:
Dungeon (6/15)
 Temple: D:4-7

Altars:
Hepliaklqana

Annotations:
D:2 Robin
D:6 Dowan; Duvessa; Prince Ribbit; Ymberto's ghost, novice HuHu


Innate Abilities, Weirdness & Mutations

You cannot wear armour.
You are incapable of wielding weapons or throwing items.
Your paws allow you to move quietly. (Stealth)
((You have sharp claws.))
((You have razor-sharp teeth.))
You have supernaturally acute eyesight. (SInv)
You are carnivorous and can eat meat at any time.
((You cover ground quickly.))
((You are covered in fur. (AC +1)))
You have a slow metabolism.
((Your sharp claws are effective at attacking unaware monsters.))


Message History

Casting: Ensorcelled Hibernation
Confirm with . or Enter, or press ? or * to list all spells.
Aiming: Ensorcelled Hibernation
Press: ? - help, Shift-Dir - straight line, f - you, p - Prince Ribbit
Okay, then.
Casting: Ensorcelled Hibernation
Confirm with . or Enter, or press ? or * to list all spells.
Aiming: Confuse
Press: ? - help, Shift-Dir - straight line, f/p - Prince Ribbit
Aim: Prince Ribbit (heavily wounded, chance to defeat MR: 28%)
You miscast Confuse.
You are very lightly contaminated with residual magic.
You hear an indistinct dissonance whispering inside your mind.
Prince Ribbit catches a fly with his tongue.
Prince Ribbit hits you!
* * * LOW HITPOINT WARNING * * *
Casting: Confuse
Confirm with . or Enter, or press ? or * to list all spells.
Aiming: Confuse
Press: ? - help, Shift-Dir - straight line, f/p - Prince Ribbit
Aim: Prince Ribbit (heavily wounded, chance to defeat MR: 28%) Prince Ribbit easily resists.
Prince Ribbit hits you!
You die...
Prince Ribbit catches a centipede with his tongue.
Prince Ribbit closely misses you.
You are now level 4!
You rejoin the land of the living...
It was a potion of lignification.
You turn into a tree.
Your roots penetrate the ground.
What are your orders? t - Creak!
Orders for allies: a - Attack new target. r - Retreat! s - Stop attacking. g - Guard the area. f - Follow me.
Anything else - Cancel.
You creak for attention!
You hear a shout!
You hear a croak.
You hear a shout!
What are your orders? t - Creak!
Orders for allies: a - Attack new target. r - Retreat! s - Stop attacking. g - Guard the area. f - Follow me.
Anything else - Cancel.
You creak for attention!
You hear a loud, deep croak!
You hear a distant blaring wail to the south.
A bullfrog comes into view.
What are your orders? t - Creak!
Orders for allies: a - Attack new target. r - Retreat! s - Stop attacking. g - Guard the area. f - Follow me.
Anything else - Cancel.
You creak for attention!
What are your orders? t - Creak!
Orders for allies: a - Attack new target. r - Retreat! s - Stop attacking. g - Guard the area. f - Follow me.
Anything else - Cancel.
You creak for attention!
Duvessa, Sister of Dowan comes into view.
She is wielding a short sword of speed.
Wield which item (- for none, * to show all)? (? for menu, Esc to quit)
Your mouth is already empty.
It was a potion of curing.
You feel better.
Dowan, Brother of Duvessa comes into view.
He is wielding a dagger.
You closely miss the bullfrog. The bullfrog hits you.
Prince Ribbit hops awkwardly around.
A scorpion comes into view.
You barely miss Duvessa.
The bullfrog hits you but does no damage.
Prince Ribbit hops awkwardly around.
Duvessa hits you but does no damage.
You hit Duvessa but do no damage. The bullfrog hits you.
Dowan points at you and mumbles some strange words.
The puff of flame misses you.
The puff of flame hits Duvessa.
Duvessa hits you but does no damage.
The bullfrog hits you but does no damage.
Prince Ribbit hits you!
* * * LOW HITPOINT WARNING * * *
You aren't carrying any potions.
Unknown command.
You hit Duvessa.
Duvessa is lightly wounded.
The bullfrog hits you but does no damage.
Dowan mumbles some strange words.
Dowan blinks!
Duvessa hits you but does no damage. Prince Ribbit hits you.
* * * LOW HITPOINT WARNING * * *
You barely miss Duvessa.
Duvessa is lightly wounded.
The bullfrog hits you but does no damage.
The crimson imp blinks!
Duvessa hits you with a short sword of speed.
* * * LOW HITPOINT WARNING * * *
Prince Ribbit hits you.
* * * LOW HITPOINT WARNING * * *
The bullfrog hits you but does no damage.
You hit Duvessa.
Duvessa is moderately wounded.
Prince Ribbit completely misses you. Duvessa hits you but does no damage.
The bullfrog hits you.
You die...

... ...
###.#####.#.#.#####
W..
#...se♣...#.......#
... #..#.##FF......
#<# ... #......##
#F# ...
.......##.##.##...
#....5.##...>.§...
..e......§....#...
..........##......
#.......?. #......
..... .......


You could see Prince Ribbit, Duvessa, Dowan, a bullfrog, a scorpion and a
crimson imp.

Vanquished Creatures
  A hound (D:5)
  A centaur skeleton (D:4)
  A worker ant (D:4)
  4 adders
  A worm (D:4)
  2 orcs
  A giant cockroach (D:4)
  4 goblins
  4 hobgoblins
  11 jackals (D:3)
  2 kobolds
  A quokka (D:2)
  3 bats
  A frilled lizard (D:3)
  A leopard gecko skeleton (D:6)
  4 rats
42 creatures vanquished.

Notes
Turn   | Place    | Note
-------+----------+-------------------------------------------
     0 | D:1      | tidbits the Felid Air Elementalist began the quest for the Orb.
     0 | D:1      | Reached XP level 1. HP: 7/7 MP: 4/4
   125 | D:1      | Reached skill level 3 in Stealth
   169 | D:1      | Reached skill level 1 in Unarmed Combat
   275 | D:2      | Noticed Robin
   287 | D:2      | Reached XP level 2. HP: 5/11 MP: 4/6
   415 | D:2      | Reached skill level 4 in Stealth
   415 | D:2      | Reached XP level 3. HP: 10/14 MP: 2/7
   543 | D:3      | Reached skill level 2 in Unarmed Combat
   677 | D:2      | Found a hazy altar of Hepliaklqana.
   738 | D:4      | Reached XP level 4. HP: 11/18 MP: 5/8
   792 | D:4      | Reached skill level 5 in Stealth
   798 | D:4      | Learned a level 2 spell: Ensorcelled Hibernation
   880 | D:4      | Reached skill level 2 in Hexes
   885 | D:4      | Learned a level 3 spell: Confuse
   913 | D:5      | Entered Level 5 of the Dungeon
   918 | D:5      | Reached skill level 3 in Hexes
   918 | D:5      | Reached XP level 5. HP: 17/21 MP: 4/9
   958 | D:6      | Noticed Prince Ribbit
   962 | D:6      | Noticed Ymberto's ghost (novice HuHu)
   975 | D:6      | Slain by Prince Ribbit
   976 | D:6      | Reached XP level 4. HP: -3/18 MP: 1/8
   979 | D:6      | Noticed a bullfrog
   981 | D:6      | Noticed Duvessa
   982 | D:6      | Noticed Dowan
   986 | D:6      | HP: 2/27 [Prince Ribbit (3)]
   987 | D:6      | Slain by a bullfrog

Skill      XL: |  1  2  3  4 |
---------------+-------------+-----
Stealth        | 3 4 5 |  5.1
Unarmed Combat | 1 2 |  2.7
Hexes          | 3 |  3.7
Dodging        | |  2.6
Spellcasting   | |  2.0
Conjurations   | |  0.8
Air Magic      | |  2.6

Action                   |  1- 3 |  4- 6 || total
-------------------------+-------+-------++-------
Melee: Unarmed           |    31 |    33 ||    64
       Bite              |     2 |     1 ||     3
 Cast: Shock             |    34 |     7 ||    41
       Ensorcelled Hiber |       |     3 ||     3
       Confuse           |       |     1 ||     1
  Use: Scroll            |     1 |       ||     1
       Potion            |       |     2 ||     2
 Stab: Sleeping          |     3 |     5 ||     8
       Distracted        |     1 |       ||     1
  Eat: Chunk             |     7 |     2 ||     9
Armor: Skin              |       |     8 ||     8
Dodge: Dodged            |    38 |    28 ||    66

Table legend:
 A = Turns spent in this place as a percentage of turns spent in the entire game.
 B = Non-inter-level travel turns spent in this place as a percentage of non-inter-level travel turns spent in the entire game.
 C = Inter-level travel turns spent in this place as a percentage of turns spent in this place.
 D = Turns resting spent in this place as a percentage of non-inter-level travel turns spent in this place.
 E = Turns spent auto-exploring this place as a percentage of non-inter-level travel turns spent in this place.
 F = Non-inter-level travel turns spent in this place divided by the number of levels of this place that you've seen.
                   A       B       C       D       E      F
               +-------+-------+-------+-------+-------+----------------------
         Total | 100.0 | 100.0 |   1.4 |   0.0 |   0.0 | 162.2
       Dungeon | 100.0 | 100.0 |   1.4 |   0.0 |   0.0 | 162.2
               +-------+-------+-------+-------+-------+----------------------

Table legend:
 A = Kills in this place as a percentage of kills in entire the game.
 B = Kills by you in this place as a percentage of kills by you in the entire game.
 C = Kills by friends in this place as a percentage of kills by friends in the entire game.
 D = Other kills in this place as a percentage of other kills in the entire game.
 E = Experience gained in this place as a percentage of experience gained in the entire game.
 F = Experience gained in this place divided by the number of levels of this place that you have seen.
                   A       B       C       D       E      F
               +-------+-------+-------+-------+-------+----------------------
         Total | 100.0 | 100.0 |   N/A |   N/A | 100.0 |  39.2
       Dungeon | 100.0 | 100.0 |   N/A |   N/A | 100.0 |  39.2
               +-------+-------+-------+-------+-------+----------------------

Vault maps used:
D:1:      sevenhm_arrival_forest_fort_large_2, minmay_split_cup_small
D:2:      nicolae_overflow_crystal_walls, uniq_robin
D:3:      first_ration, minmay_misc_feat_diagonals
D:5:      minmay_temple_entry_from_below_a, roderic_lattice_a, bloody_makhleb
D:6:      basic_altar, nemelex_dance_club_becter, uniq_prince_ribbit1,
          uniq_edmund, uniq_duvessa
